General information
- name: BNet
- type: Ladder team game (AT/RT)
- host: Battle.net
- saver: BEAR_AND
map: SilverpineForest
- players: 6
- length: 07:36
- speed: Fast
- version: 1.21 W3XP
- replay type:

» download(48 KB)
Players
team 1 (loser)
GenX09 (
yellow | 17 APM | 129 actions | 07:34)
1 Warden
1 Fan of Knives
» actions
| Build / train | 15 | |
| Enter build submenu | 6 | |
| Enter hero's abilities submenu | 1 | |
| Right click | 17 | |
| Select / deselect | 80 | |
| Use ability | 10 | |
129 total
» units
» buildings
| Altar of Elders | 1 | |
| Moon Well | 2 | |
| Ancient of War | 2 | |
5 total
» build order
00:23 Altar of Elders
00:37 Moon Well
01:38 Ancient of War
01:51 Moon Well
03:01 Ancient of War
JohnnyJets (
teal | 38 APM | 283 actions | 07:31)
1 Paladin
1 Holy Light
» actions
| Basic commands | 1 | |
| Build / train | 19 | |
| Enter build submenu | 10 | |
| Enter hero's abilities submenu | 1 | |
| Right click | 151 | |
| Select / deselect | 83 | |
| Use ability | 18 | |
283 total
» units
» buildings
| Altar of Kings | 1 | |
| Farm | 5 | |
| Barracks | 2 | |
| Blacksmith | 1 | |
9 total
» build order
00:09 Altar of Kings
00:15 Farm
00:58 Barracks
01:22 Farm
02:07 Farm
02:15 Barracks
04:26 Farm
05:03 Farm
05:11 Blacksmith
turd_ferguson (
green | 16 APM | 122 actions | 07:28)
1 Lich
1 Frost Nova
» actions
| Build / train | 19 | |
| Enter build submenu | 6 | |
| Enter hero's abilities submenu | 1 | |
| Right click | 29 | |
| Select / deselect | 56 | |
| Use ability | 11 | |
122 total
» units
| Acolyte | 3 | |
| Ghoul | 4 | |
| Crypt Fiend | 7 | |
14 total
» upgrades
» buildings
| Altar of Darkness | 1 | |
| Ziggurat | 3 | |
| Crypt | 1 | |
| Graveyard | 1 | |
| Nerubian Tower | 2 | |
8 total
» build order
00:08 Altar of Darkness
00:14 Ziggurat
00:17 Crypt
01:04 Ziggurat
02:10 Graveyard
02:36 Nerubian Tower
03:06 Ziggurat
04:41 Nerubian Tower
team 2 (winner)
BEAR_AND (
blue | 104 APM | 793 actions | 07:36)
3 Archmage
2 Summon Water Elemental
1 Brilliance Aura
» actions
| Assign group hotkey | 6 | |
| Basic commands | 10 | |
| Build / train | 28 | |
| Enter build submenu | 16 | |
| Enter hero's abilities submenu | 3 | |
| Remove unit from queue | 4 | |
| Right click | 430 | |
| Select / deselect | 110 | |
| Select group hotkey | 136 | |
| Use ability | 50 | |
793 total
» units
» upgrades
» buildings
| Altar of Kings | 1 | |
| Farm | 2 | |
| Lumber Mill | 2 | |
| Scout Tower | 7 | |
| Guard Tower | 2 | |
| Arcane Vault | 1 | |
15 total
» build order
00:08 Altar of Kings
00:21 Farm
00:48 Farm
01:39 Lumber Mill
03:52 Scout Tower
04:16 Scout Tower
04:17 Scout Tower
04:20 Scout Tower
04:21 Scout Tower
04:36 Guard Tower
04:59 Scout Tower
05:08 Lumber Mill
05:23 Scout Tower
06:46 Guard Tower
07:08 Arcane Vault
NADMaN (
pink | 103 APM | 784 actions | 07:35)
3 Archmage
2 Summon Water Elemental
1 Blizzard
» actions
| Assign group hotkey | 2 | |
| Basic commands | 32 | |
| Build / train | 31 | |
| Enter build submenu | 14 | |
| Enter hero's abilities submenu | 3 | |
| Give item / drop item | 1 | |
| Right click | 332 | |
| Select / deselect | 151 | |
| Select group hotkey | 180 | |
| Use ability | 38 | |
784 total
» units
» upgrades
» buildings
| Altar of Kings | 1 | |
| Farm | 3 | |
| Lumber Mill | 1 | |
| Scout Tower | 4 | |
| Guard Tower | 3 | |
| Barracks | 1 | |
| Keep | 3 | |
16 total
» build order
00:08 Altar of Kings
00:12 Farm
00:29 Farm
01:46 Lumber Mill
04:05 Scout Tower
04:06 Scout Tower
04:06 Scout Tower
04:08 Scout Tower
04:25 Guard Tower
04:25 Guard Tower
04:31 Farm
04:35 Guard Tower
05:40 Barracks
06:50 Keep
06:51 Keep
» items
| Boots of Speed | 1 | |
| Staff of Teleportation | 1 | |
2 total
tIMG4strok (
red | 99 APM | 754 actions | 07:35)
2 Pandaren Brewmaster
1 Breath of Fire
1 Drunken Brawler
» actions
| Assign group hotkey | 15 | |
| Basic commands | 27 | |
| Build / train | 30 | |
| Enter build submenu | 11 | |
| Enter hero's abilities submenu | 2 | |
| Right click | 412 | |
| Select / deselect | 109 | |
| Select group hotkey | 118 | |
| Use ability | 30 | |
754 total
» units
» buildings
| Tree of Life | 1 | |
| Altar of Elders | 1 | |
| Moon Well | 3 | |
| Ancient of War | 2 | |
| Hunter's Hall | 1 | |
| Tree of Ages | 1 | |
9 total
» build order
01:15 Tree of Life
01:27 Altar of Elders
01:30 Moon Well
02:00 Ancient of War
02:06 Ancient of War
02:57 Moon Well
03:52 Hunter's Hall
04:55 Moon Well
05:12 Tree of Ages
Chat log
(00:01 / All) NADMaN: please
(02:02 / All) GenX09: with wa a tree of life
(03:34 / All) GenX09: gg
(05:28 / All) GenX09: where u guyz from?
(05:35 / All) GenX09: canada?
(05:37 / All) BEAR_AND: toronto
(05:44 / All) turd_ferguson: no wonder why
(06:02 / All) GenX09: it my birthday today
(06:08 / All) BEAR_AND: thats funny
(06:10 / All) BEAR_AND: birth of a noob
(06:32 / All) GenX09: that right birth of a noob i dont live in canada like u where there nothin to do
(06:57 / All) BEAR_AND: tpo
(06:59 / All) BEAR_AND: oh wait
(07:11 / All) JohnnyJets: thats fucking gay
(07:22 / All) GenX09: these guyz r pros
(07:32 / All) GenX09: there should have this shyt on espn